 Dungeon Crawl Stone Soup version 0.20-a0-452-gf2ab144 (webtiles) character file.

40767 w00t the Fighter (level 14, -1/119 HPs)
             Began as a Human Fighter on Dec 21, 2016.
             Was a High Priest of Ieoh Jian.
             Engulfed by a fire crab's flame (21 damage)
             ... on level 4 of the Lair of Beasts on Dec 22, 2016.
             The game lasted 01:37:20 (26119 turns).

w00t the Fighter (Human Fighter)                   Turns: 26119, Time: 01:37:20

Health: -1/119     AC: 19    Str: 19    XL:     14   Next: 46%
Magic:  15/15      EV:  8    Int: 15    God:    Ieoh Jian [*****.]
Gold:   1308       SH: 14    Dex: 12    Spells: 15/15 levels left

rFire  x . .     SeeInvis +     U - +4 morningstar
rCold  + . .     Gourm    .     V - +0 plate armour
rNeg   . . .     Faith    .     c - +0 shield
rPois  .         Spirit   .     N - +0 helmet
rElec  .         Reflect  +     e - +0 cloak
rCorr  .         Harm     .     (no gloves)
MR     +....                    a - +1 pair of boots
Stlth  ..........               Q - +4 amulet of reflection
                                d - ring "Ceproeck" {Str-2 Int+5 SInv Stlth+}
                                m - ring of ice

@: being watched over by the Council
A: no striking features
a: Recall Weapon, Project Weapon, Renounce Religion, Steal And Renounce


You were on level 4 of the Lair of Beasts.
You worshipped Ieoh Jian.
Ieoh Jian was extremely pleased with you.
You were hungry.

You visited 3 branches of the dungeon, and saw 17 of its levels.
You also visited: Bailey.

You collected 1681 gold pieces.
You spent 373 gold pieces at shops.

Inventory:

Hand Weapons
 f - a +1 spear of piercing
 r - a +0 quarterstaff of crushing
 s - a +3 war axe of chopping
 U - a +4 morningstar (weapon)
Missiles
 v - 17 tomahawks of returning (quivered)
 y - 25 tomahawks
 I - 8 javelins of penetration
Armour
 a - a +1 pair of boots (worn)
 c - a +0 shield (worn)
 e - a +0 cloak (worn)
 x - a +1 chain mail of cold resistance
 A - a +3 ring mail
 N - a +0 helmet (worn)
 O - a +0 buckler
 T - a +0 scale mail of poison resistance
 V - a +0 plate armour (worn)
Jewellery
 b - the amulet "Negemp" {Harm *Contam *Drain Dex+5}
   (You acquired it in a bailey)

   [amulet of harm]

   It increases damage dealt and taken.
   It affects your dexterity (+5).
   It causes magical contamination when unequipped.
   It causes draining when unequipped.
 d - the ring "Ceproeck" (right hand) {Str-2 Int+5 SInv Stlth+}
   (You bought it in a shop on level 9 of the Dungeon)

   [ring of see invisible]

   It affects your strength (-2).
   It affects your intelligence (+5).
   It lets you see invisible.
   It makes you more stealthy.
 m - a ring of ice (left hand)
 t - an uncursed ring of poison resistance
 B - an uncursed amulet of magic regeneration
 H - an uncursed amulet of harm {unknown}
 L - an uncursed ring of magical power {unknown}
 Q - a +4 amulet of reflection (around neck)
 R - an uncursed ring of fire {unknown}
Wands
 k - a wand of flame (6/48)
 G - a wand of iceblast (6/15)
 J - a wand of random effects (34/48)
 M - a wand of flame (28/48)
Scrolls
 h - 6 scrolls of magic mapping
 i - 10 scrolls of identify
 l - a scroll of recharging {unknown}
 p - a scroll of enchant armour {unknown}
 q - 9 scrolls of remove curse
 P - a scroll of immolation {unknown}
Potions
 g - a potion of curing
 j - 4 potions of ambrosia
 o - 3 potions of lignification
 w - a potion of berserk rage {unknown}
 C - 2 potions of mutation {unknown}
 F - a potion of might
 K - 3 potions of brilliance
 S - a potion of cancellation {unknown}
Books
 n - a book of Flames

   Spells                             Type                      Level
   a - Flame Tongue                   Conjuration/Fire             1
   b - Throw Flame                    Conjuration/Fire             2
   c - Conjure Flame                  Conjuration/Fire             3
   d - Inner Flame                    Hexes/Fire                   3
   e - Sticky Flame                   Conjuration/Fire             4
   f - Fireball                       Conjuration/Fire             5
Comestibles
 u - 3 royal jellies
 z - a fruit
 D - 4 meat rations
 E - 15 bread rations
 W - 6 chunks of flesh


   Skills:
 * Level 13.7 Fighting
 - Level 1.8(12.9) Short Blades
 - Level 1.5(12.9) Long Blades
 * Level 13.3(14.0) Axes
 - Level 1.5(12.9) Maces & Flails
 - Level 3.4(13.0) Polearms
 + Level 9.5 Armour
 + Level 8.0 Dodging
 - Level 2.1 Stealth
 + Level 6.6 Shields
 - Level 2.0(12.9) Unarmed Combat
 - Level 1.0 Spellcasting


You had 15 spell levels left.
You didn't know any spells.

Dungeon Overview and Level Annotations

Branches:
Dungeon (12/15)            Temple (1/1) D:6            Lair (4/6) D:9
  Swamp (0/4) Lair:2       Spider (0/4) Lair:2          Orc (0/2) D:12

Altars:
Ashenzari
Cheibriados
Dithmenos
Elyvilon
Fedhas
Gozag
Hepliaklqana Ieoh Jian
Kikubaaqudgha
Makhleb
Nemelex Xobeh
Okawaru
Qazlal
Ru
Sif Muna
Trog
Uskayaw
Vehumet
Xom
Yredelemnul
Zin
The Shining One

Shops:
D:9 [*[=

Annotations:
Lair:3 exclusion: oklob plant


Message History

You hit the fire crab.
The fire crab is moderately wounded.
You are engulfed in roaring flames.
* * * LOW HITPOINT WARNING * * *
The bush is engulfed in roaring flames.
Your +3 spear of piercing is engulfed in roaring flames.
The +3 spear of piercing shatters in a myriad of steel fragments!
You block the fire crab's attack. x2
You feel better.
You are engulfed in roaring flames.
* * * LOW HITPOINT WARNING * * *
The bush is engulfed in roaring flames.
You block the fire crab's attack.
The fire crab claws you but does no damage.
A +5 trident of piercing manifests from thin air!
You puncture the fire crab!
The fire crab is severely wounded.
You are engulfed in roaring flames.
You block the fire crab's attack. x2
You sock the fire crab!
The fire crab is almost dead.
You are engulfed in roaring flames.
You die...

...P......♣.#.#...
###.♣.........##P#P
♣.....P........♣###
♣P.........P...♣## #
#♣♣...P........P♣♣.#
##.##P!.......P........#
.#....♣.[...............)
........P.{.#####P......[
...#....@t.)# #........
.# #.....÷P§'.).#P.......
#....P...#..[#...P..[.
#.(....(.#####P......#
#.......... ..........
#.P....P........P..♣.#
###............P...P..
#♣..............♣...
#♣...........♣.♣♣..


You could see a fire crab and a friendly +5 trident of piercing.

Vanquished Creatures
  3 hydras
  3 death yaks
  Pikel (D:8)
  A hill giant (D:10)
  2 orc knights (Bailey)
  A deep elf mage (D:12)
  2 ugly things
  Joseph (D:9)
  6 elephants (Lair:3)
  Maurice (D:8)
  A gargoyle (D:11)
  Psyche (D:8)
  7 black mambas
  3 spiny frogs (Lair:3)
  2 torpor snails (Lair:2)
  2 rime drakes (Lair:1)
  9 komodo dragons
  A polar bear (Lair:3)
  A troll (D:10)
  A merfolk (D:12)
  Prince Ribbit (D:9)
  5 hippogriffs
  A meliai zombie (D:12)
  16 blink frogs
  7 dream sheep (Lair:3)
  A spriggan (Lair:4)
  Sigmund (D:2)
  37 yaks
  2 wyverns
  5 basilisks
  3 hungry ghosts
  5 swamp worms
  2 wargs (D:9)
  5 water moccasins
  A flying weapon (D:9)
  6 porcupines
  7 orc warriors
  8 ice beasts
  7 black bears
  A necrophage (D:11)
  6 phantoms
  6 sky beasts
  9 wolves (Lair:3)
  8 ogres
  4 centaurs
  5 crocodiles
  Blork the orc (D:4)
  11 bullfrogs
  A gnoll sergeant (D:9)
  3 scorpions
  A wyvern skeleton (D:12)
  A water moccasin skeleton (D:5)
  3 killer bees (D:9)
  2 electric eels (Lair:2)
  12 wights
  A howler monkey (D:5)
  5 crimson imps
  2 bullfrog zombies
  8 hounds
  9 orc priests
  2 bullfrog skeletons
  6 jellies
  3 iguanas
  14 orc wizards
  7 worker ants
  A killer bee zombie (D:7)
  A hound skeleton (D:11)
  2 worker ant zombies
  A howler monkey zombie (D:6)
  Robin (D:2)
  13 gnolls
  14 adders
  A shadow imp (D:12)
  3 adder zombies
  3 adder skeletons
  2 worms (D:3)
  A dart slug (D:3)
  3 leopard geckos
  42 orcs
  10 bats
  10 giant cockroaches
  17 goblins
  10 hobgoblins
  10 jackals
  4 quokkas
  A ball python (D:2)
  7 frilled lizards
  16 kobolds
  A leopard gecko zombie (D:6)
  A quokka skeleton (D:5)
  A quokka zombie (D:7)
  6 rats
  2 fungi (Lair:2)
  A plant (Lair:1)
485 creatures vanquished.

Vanquished Creatures (others)
  An eye of draining (D:8)
  A slave (D:8)
  2 centaurs
  130 flying weapons
  An orc wizard (D:4)
  4 kobolds (Bailey)
  A bush (Lair:4)
  13 fungi
  8 plants
161 creatures vanquished.

Grand Total: 646 creatures vanquished

Notes
Turn   | Place    | Note
-------+----------+-------------------------------------------
     0 | D:1      | w00t the Human Fighter began the quest for the Orb.
     0 | D:1      | Reached XP level 1. HP: 18/18 MP: 1/1
   181 | D:1      | Reached XP level 2. HP: 16/24 MP: 2/2
   436 | D:1      | Reached skill level 1 in Dodging
   853 | D:1      | Reached XP level 3. HP: 15/30 MP: 3/3
  1060 | D:2      | Noticed Robin
  1084 | D:2      | HP: 1/30 [hobgoblin/club[Robin] (6)]
  1392 | D:2      | Killed Robin
  1392 | D:2      | Reached XP level 4. HP: 11/37 MP: 4/4
  2033 | D:2      | Noticed Sigmund
  2048 | D:2      | Killed Sigmund
  2048 | D:2      | Reached XP level 5. HP: 34/43 MP: 5/5
  2048 | D:2      | Reached XP level 6. HP: 39/50 MP: 6/6
  2396 | D:3      | Found a sparkling altar of Nemelex Xobeh.
  3247 | D:3      | Reached skill level 5 in Fighting
  3511 | D:4      | Noticed Blork the orc
  3524 | D:4      | Killed Blork the orc
  3524 | D:4      | Reached XP level 7. HP: 13/56 MP: 7/7
  3961 | D:4      | Reached XP level 8. HP: 38/63 MP: 8/8
  4198 | D:4      | Reached skill level 5 in Axes
  4645 | D:4      | Found a deep blue altar of Sif Muna.
  4645 | D:4      | Found a snail-covered altar of Cheibriados.
  4763 | D:5      | Entered Level 5 of the Dungeon
  4802 | D:5      | Found an iron altar of Okawaru.
  5233 | D:5      | Reached skill level 5 in Dodging
  5233 | D:5      | Reached XP level 9. HP: 68/71 MP: 9/9
  6066 | D:6      | Found a staircase to the Ecumenical Temple.
  6076 | Temple   | Entered the Ecumenical Temple
  6253 | Temple   | Became a worshipper of The Ieoh Jian Council
  7945 | D:7      | Reached skill level 1 in Unarmed Combat
  7948 | D:7      | Reached skill level 1 in Short Blades
  7948 | D:7      | Reached skill level 1 in Long Blades
  8226 | D:7      | Reached skill level 1 in Maces & Flails
  8226 | D:7      | Reached XP level 10. HP: 68/80 MP: 10/10
  8229 | D:7      | Reached * piety under Ieoh Jian
  8447 | D:7      | Reached skill level 5 in Shields
  9573 | D:8      | Noticed Maurice
  9573 | D:8      | Noticed a purple ugly thing
  9600 | D:8      | HP: 1/80 [purple ugly thing (9)]
  9601 | D:8      | Killed a purple ugly thing
  9799 | D:8      | Reached skill level 5 in Armour
  9818 | D:8      | Noticed Pikel
  9830 | D:8      | Killed Pikel
 10361 | D:8      | Noticed Psyche
 10378 | D:8      | Killed Psyche
 10575 | D:8      | Reached XP level 11. HP: 87/87 MP: 11/11
 10910 | D:8      | Killed Maurice
 10980 | D:8      | Reached ** piety under Ieoh Jian
 11201 | D:9      | Found Qyduec's Jewellery Emporium.
 11201 | D:9      | Noticed Prince Ribbit
 11202 | D:9      | Found Byzosha Qant's Antique Armour Emporium.
 11430 | D:9      | Reached skill level 1 in Spellcasting
 11570 | D:9      | Killed Prince Ribbit
 11599 | D:9      | Reached skill level 10 in Fighting
 11760 | D:9      | Found a shattered altar of Ashenzari.
 11911 | D:9      | Found a staircase to the Lair.
 12077 | D:9      | Found Vibovo's Antique Armour Shop.
 12084 | D:9      | Noticed Joseph
 12362 | D:9      | Found an opulent altar of Gozag.
 12363 | D:9      | Found a blossoming altar of Fedhas.
 12365 | D:9      | Found Asupp's General Store.
 12463 | D:9      | Reached *** piety under Ieoh Jian
 12541 | D:9      | Killed Joseph
 12763 | D:10     | Entered Level 10 of the Dungeon
 13133 | D:10     | Noticed a hill giant
 13156 | D:10     | Killed a hill giant
 13733 | D:11     | Noticed a brown ugly thing
 13756 | D:11     | Killed a brown ugly thing
 13880 | D:11     | Found a flagged portal.
 13913 | Bailey   | Entered a bailey
 13953 | Bailey   | Noticed an orc knight
 14002 | Bailey   | Killed an orc knight
 14002 | Bailey   | Reached skill level 10 in Axes
 14002 | Bailey   | Reached XP level 12. HP: 38/100 MP: 13/13
 14500 | Bailey   | Found a bloodstained altar of Trog.
 14541 | Bailey   | Identified a scroll of acquirement
 14542 | Bailey   | Got an ancient emerald amulet
 14543 | Bailey   | Identified the amulet "Negemp" {Harm *Contam *Drain Dex+5} (You acquired it in a bailey)
 14713 | D:11     | Reached **** piety under Ieoh Jian
 15154 | D:12     | Found a staircase to the Orcish Mines.
 16543 | D:12     | Noticed a skeletal warrior
 16543 | D:12     | Noticed a skeletal warrior
 16543 | D:12     | Noticed a skeletal warrior
 17154 | D:9      | Bought the ring "Ceproeck" {Str-2 Int+5 SInv Stlth+} for 373 gold pieces
 17167 | Lair:1   | Entered Level 1 of the Lair of Beasts
 18099 | Lair:1   | Noticed a seven-headed hydra
 18099 | Lair:1   | Reached skill level 1 in Stealth
 18523 | Lair:1   | Noticed a seven-headed hydra
 18571 | Lair:1   | Reached XP level 13. HP: 72/108 MP: 14/14
 19016 | Lair:1   | Killed an eight-headed hydra
 19104 | Lair:1   | Killed a seven-headed hydra
 21006 | Lair:2   | Reached ***** piety under Ieoh Jian
 21905 | Lair:2   | Found a staircase to the Swamp.
 22251 | Lair:2   | Found a hole to the Spider Nest.
 23453 | Lair:3   | Reached XP level 14. HP: 111/118 MP: 15/15
 26119 | Lair:4   | Engulfed by a fire crab's flame

Vault maps used:
D:1:      shiori_angband_town
D:2:      uniq_sigmund, uniq_robin
D:3:      nemelex_spade_bored_becter
D:4:      gammafunk_temple_overflow_statue, uniq_blork_the_orc
D:5:      kennysheep_mini_moat, first_bread, minmay_joined_circles
D:8:      uniq_maurice, uniq_pikel, uniq_psyche
D:9:      nicolae_whirlpool, evilmike_ruin_ashenzari,
          nicolae_overflow_hidden_temple, erik_lair_orcish_takeover,
          serial_shops, shop, nicolae_shop_overgrown_old_shop, shop,
          nicolae_shop_behind_doors, uniq_prince_ribbit1, uniq_joseph
D:11:     enter_bailey_2
D:12:     orc_0_dummy, hangedman_fish_farm
Temple:   regret_index_temple_sphere_string
Lair:2:   nicolae_swamp_entry_splash_gauntlet, dummy_spider_entry,
          lab_entry_generic, serial_bayou_shore_a, lemuel_fruit_tree,
          grunt_megastairs_5
Lair:3:   beast_lair_carwin_large_1, hangedman_lair_generics_rect,
          minmay_lair_oklob_chamber, grunt_megastairs_4,
          infiniplex_staircase_pool
Lair:4:   grunt_forest_large_clearing_hut, serial_bayou_shore_b
Bailey:   bailey_axe_3, bailey

Skill      XL: |  1  2  3  4  5  6  7  8  9 10 11 12 13 14 |
---------------+-------------------------------------------+-----
Dodging        | 1 2 3 5 7 8 |  8.0
Fighting       | 4 5 6 7 8 11 12 13 | 13.7
Polearms       | 2 3 |  3.4
Axes           | 3 4 6 8 10 12 13 | 13.3
Shields        | 4 6 |  6.6
Unarmed Combat | 1 2 |  2.0
Short Blades   | 1 |  1.8
Long Blades    | 1 |  1.5
Armour         | 4 5 7 9 |  9.5
Maces & Flails | 1 |  1.5
Spellcasting   | 1 |  1.0
Stealth        | 2 |  2.1

Action                   |  1- 3 |  4- 6 |  7- 9 | 10-12 | 13-15 || total
-------------------------+-------+-------+-------+-------+-------++-------
Melee: War axe           |   136 |       |   277 |   402 |     9 ||   824
       Spear             |       |   106 |       |    27 |    12 ||   145
       Battleaxe         |       |    79 |     1 |       |       ||    80
       Trident           |       |       |    56 |    89 |    64 ||   209
       Unarmed           |       |       |     6 |   129 |   113 ||   248
       Hand axe          |       |       |       |    26 |       ||    26
       Long sword        |       |       |       |    30 |    14 ||    44
       Dagger            |       |       |       |    48 |    17 ||    65
       Mace              |       |       |       |    37 |     7 ||    44
       Scimitar          |       |       |       |    43 |    68 ||   111
       Morningstar       |       |       |       |    42 |   112 ||   154
       Short sword       |       |       |       |    10 |    24 ||    34
       Rapier            |       |       |       |     6 |    18 ||    24
       Broad axe         |       |       |       |    70 |    82 ||   152
       Quick blade       |       |       |       |    23 |    33 ||    56
       Eveningstar       |       |       |       |    18 |    22 ||    40
       Flail             |       |       |       |     5 |     6 ||    11
       Falchion          |       |       |       |     4 |    68 ||    72
       Whip              |       |       |       |       |    15 ||    15
Throw: Tomahawk          |       |       |    13 |    19 |     6 ||    38
Invok: Recall Weapon     |       |       |       |       |     4 ||     4
       Project Weapon    |       |       |       |       |     2 ||     2
  Use: Potion            |       |     2 |       |     9 |     4 ||    15
       Scroll            |       |       |     4 |    21 |     1 ||    26
 Stab: Distracted        |       |       |       |     1 |     1 ||     2
       Paralysed         |       |       |       |       |     1 ||     1
  Eat: Bread ration      |     1 |       |       |     1 |       ||     2
       Chunk             |       |     4 |     9 |    15 |    14 ||    42
       Beef jerky        |       |       |     1 |     3 |       ||     4
       Meat ration       |       |       |     1 |     3 |     1 ||     5
       Pizza             |       |       |       |     2 |       ||     2
       Fruit             |       |       |       |       |     4 ||     4
Armor: Scale mail        |    98 |    97 |    94 |       |       ||   289
       Plate armour      |       |       |    47 |   409 |   337 ||   793
Dodge: Dodged            |    57 |    96 |   137 |   175 |   170 ||   635
Block: Shield            |   105 |    59 |   108 |   651 |   461 ||  1384
       Reflection        |       |       |       |    57 |       ||    57
       Rpst.: Scimitar   |       |       |       |     2 |     3 ||     5
       Long sword        |       |       |       |       |     3 ||     3
       Falchion          |       |       |       |       |     2 ||     2
